 Dungeon Crawl Stone Soup version 0.21-a0-55-gb612c23 (webtiles) character file.

136 nikopol the Conjurer (level 4, -5/24 HPs)
             Began as a Deep Elf Conjurer on June 14, 2017.
             Shot with a bolt by a big kobold (10 damage)
             ... in a sewer.
             The game lasted 00:09:05 (2646 turns).

nikopol the Conjurer (Deep Elf Conjurer)            Turns: 2646, Time: 00:09:06

Health: -5/24      AC:  2    Str:  5    XL:     4   Next: 98%
Magic:  6/12       EV: 13    Int: 21    God:
Gold:   116        SH:  0    Dex: 15    Spells: 8/11 levels left

rFire    . . .     SeeInvis .   (no weapon)
rCold    . . .     Gourm    .   (no shield)
rNeg     . . .     Faith    .   a - +0 robe
rPois    .         Spirit   .   (no helmet)
rElec    .         Reflect  .   (no cloak)
rCorr    .         Harm     .   (no gloves)
MR       .....                  (no boots)
Stlth    +.........             (no amulet)
HPRegen  0.08/turn              (no ring)
MPRegen  0.13/turn              (no ring)

@: very slow
A: no striking features
a: no special abilities


You were in a sewer.
You were not hungry.

You visited 1 branch of the dungeon, and saw 3 of its levels.
You also visited: Sewer.

You collected 116 gold pieces.

Inventory:

Armour
 a - a +0 robe (worn)
Wands
 l - a wand of polymorph (24/24)
Scrolls
 e - a scroll of recharging
 g - a scroll of identify
 h - a scroll of teleportation {unknown}
 n - a scroll of fog
Potions
 f - a potion of degeneration {unknown}
 k - 2 potions of curing {unknown}
 m - a potion of might {unknown}
 o - a potion of haste {unknown}
Books
 b - a book of Conjurations

   Spells                             Type                      Level
   a - Magic Dart                     Conjuration                  1
   b - Searing Ray                    Conjuration                  2
   c - Dazzling Spray                 Conjuration/Hexes            3
   d - Fulminant Prism                Conjuration/Hexes            4
   e - Force Lance                    Conjuration/Translocation    4
   f - Iskenderun's Mystic Blast      Conjuration                  4
Comestibles
 c - 3 bread rations


   Skills:
 + Level 2.8 Dodging
 + Level 2.6 Stealth
 + Level 4.4 Spellcasting
 + Level 6.1 Conjurations


You had 8 spell levels left.
You knew the following spells:

 Your Spells              Type           Power        Failure   Level  Hunger
a - Magic Dart            Conj           ####         1%          1    None
b - Searing Ray           Conj           ####..       1%          2    #......


Dungeon Overview and Level Annotations

Branches:
Dungeon (3/15)

Altars:
Fedhas
Gozag
Yredelemnul


Message History

Press: ? - help, Shift-Dir - straight line, f/p - big kobold
Aim: a big kobold, wielding a hand crossbow (severely wounded)
The magic dart hits the big kobold.
The big kobold is severely wounded.
The big kobold shoots a bolt.
The bolt hits you!
Ouch! That really hurt!
* * * LOW HITPOINT WARNING * * *
You hear a splash.
Casting: Magic Dart
Confirm with . or Enter, or press ? or * to list all spells.
Aiming: Magic Dart
Press: ? - help, Shift-Dir - straight line, f/p - big kobold
Aim: a big kobold, wielding a hand crossbow (severely wounded)
The magic dart hits the big kobold.
The big kobold is severely wounded.
Casting: Magic Dart
Confirm with . or Enter, or press ? or * to list all spells.
You can't see any susceptible monsters within range! (Use Z to cast anyway.)
The big kobold shoots a bolt.
The bolt hits you!
You die...

#≈# #≈# #≈# #≈#
#≈# #≈# #(# #(#
#@# #≈# #≈# #≈#
#K# #K# #≈#
#########(##
#.≈.≈.≈≈(≈.#######


You could see a big kobold and a kobold.

Vanquished Creatures
  Jessica (D:2)
  An adder (D:3)
  2 river rats (Sewer)
  A shadow imp (D:3)
  3 worms
  A leopard gecko (D:1)
  3 orcs (D:3)
  5 giant cockroaches
  6 goblins
  5 hobgoblins
  8 jackals
  2 kobolds
  A quokka (D:3)
  2 ball pythons (D:3)
  6 bats
  3 frilled lizards
  10 rats
  A spectral orc (D:2)
61 creatures vanquished.

Notes
Turn   | Place    | Note
-------+----------+-------------------------------------------
     0 | D:1      | nikopol the Deep Elf Conjurer began the quest for the Orb.
     0 | D:1      | Reached XP level 1. HP: 10/10 MP: 6/6
   317 | D:1      | Reached XP level 2. HP: 15/15 MP: 5/8
   321 | D:1      | Learned a level 2 spell: Searing Ray
   922 | D:1      | Reached skill level 5 in Conjurations
  1048 | D:2      | Noticed Jessica
  1050 | D:2      | Killed Jessica
  1050 | D:2      | Reached XP level 3. HP: 19/19 MP: 5/9
  1364 | D:2      | Found an opulent altar of Gozag.
  1731 | D:2      | Found a basalt altar of Yredelemnul.
  1792 | D:3      | Reached XP level 4. HP: 24/24 MP: 7/11
  1852 | D:3      | Found a blossoming altar of Fedhas.
  2359 | D:3      | Reached skill level 6 in Conjurations
  2364 | D:3      | Found a glowing drain.
  2383 | Sewer    | Entered a sewer
  2626 | Sewer    | Noticed a big kobold
  2646 | Sewer    | Shot with a bolt by a big kobold

Vault maps used:
D:1:      minmay_arrival_loop
D:2:      lemuel_crystal_altar, yredelemnul_forgotten_temple_becter,
          uniq_jessica
D:3:      tso_oasis_becter, first_bread, cheibrodos_sewer_entry_bend,
          minmay_misc_feat_alley, fedhas_altar_2
Sewer:    sewer_kobolds

Skill      XL: |  1  2  3  4 |
---------------+-------------+-----
Conjurations   | 5 6 |  6.1
Spellcasting   | 4 |  4.4
Dodging        | |  2.8
Stealth        | |  2.6

Action                   |  1- 3 |  4- 6 || total
-------------------------+-------+-------++-------
Melee: Unarmed           |       |     2 ||     2
 Cast: Magic Dart        |    63 |    59 ||   122
       Searing Ray       |     1 |     3 ||     4
  Use: Scroll            |     5 |       ||     5
       Potion            |       |     1 ||     1
  Eat: Chunk             |     2 |     3 ||     5
Armor: Robe              |       |     3 ||     3
Dodge: Dodged            |     2 |    14 ||    16
